 Dungeon Crawl Stone Soup version 0.26-a0-665-gefeb406119 (webtiles) character file.

Game seed: 16081886860423176188

13 lunkers the Cutter (level 2, 0/28 HPs)
             Began as a Kobold Berserker on Oct 13, 2020.
             Was a Follower of Trog.
             Slain by a kobold
             ... wielding a cursed +0 whip
              (6 damage)
             ... on level 1 of the Dungeon.
             The game lasted 00:00:34 (1031 turns).

lunkers the Cutter (Kobold Berserker)               Turns: 1031, Time: 00:00:34

Health: 0/28       AC:  2    Str: 14    XL:     2   Next: 50%
Magic:  2/2        EV: 15    Int:  8    God:    Trog [*.....]
Gold:   18         SH:  0    Dex: 14    Spells: 1/1 levels left

rFire    . . .     SeeInvis .   a - +0 short sword
rCold    . . .     Faith    .   (shield restricted)
rNeg     . . .     Spirit   .   d - +0 animal skin
rPois    .         Reflect  .   (no helmet)
rElec    .         Harm     .   (no cloak)
rCorr    .         Rampage  .   (no gloves)
MR       .....                  (no boots)
Stlth    ..........             (no amulet)
HPRegen  0.09/turn              (no ring)
MPRegen  0.08/turn              (no ring)

@: berserking, very quick
A: small, nightstalker 3
a: Berserk, Renounce Religion


You were on level 1 of the Dungeon.
You worshipped Trog.
Trog was aware of your devotion.
You visited 1 branch of the dungeon, and saw 1 of its levels.

You collected 18 gold pieces.

Inventory:

Hand Weapons
 a - a +0 short sword (weapon)
 b - a +1 hunting sling of freezing
Armour
 d - a +0 animal skin (worn)
Scrolls
 h - a scroll of enchant weapon {unknown}
 i - 2 scrolls of identify {unknown}
Potions
 c - 2 potions of brilliance {unknown}
 e - a potion of curing {unknown}
 f - a potion of lignification {unknown}
 g - a potion of haste {unknown}


   Skills:
 + Level 3.4 Fighting
 * Level 4.4 Short Blades
 - Level 1.5 Armour
 + Level 2.7 Dodging
 + Level 1.1 Stealth


You had one spell level left.
You didn't know any spells.
Your spell library was empty.

Dungeon Overview and Level Annotations

Branches:
Dungeon (1/15)

Altars:


Innate Abilities, Weirdness & Mutations

You are small and have problems with some larger weapons.
You are completely attuned to the shadows.


Message History

There are monsters nearby!
The kobold closely misses you.
The leopard gecko hisses angrily.
You hit the kobold but do no damage.
The kobold hits you with a cursed +0 whip.
You closely miss the kobold. The leopard gecko closely misses you.
The kobold hits you with a cursed +0 whip.
* * * LOW HITPOINT WARNING * * *
A red film seems to cover your vision as you go berserk!
You feel yourself moving faster!
You feel mighty! The leopard gecko closely misses you.
The kobold hits you with a cursed +0 whip.
* * * LOW HITPOINT WARNING * * *
You puncture the leopard gecko!
You kill the leopard gecko!
Trog accepts your kill.
Unknown command.
You closely miss the kobold.
The kobold hits you with a cursed +0 whip.
You die...

..#######.# ####.###.#..#. #.#
#.# #.........#. #.# #.#
##....)..... #.#######.#
#...#.#.... .....[..#.# #####.##
.....#...... #.#####.#.# #......#
.###.....#.# #.......#>#
#......## #........ ###.......#
#...K.... ...#.# ....########
##@.### ##.#.#.#.# #...#......#
#....... ...#.#.... #..##.####.#
#.(...#.###.#...... ...##.####.#
#.[........†..##### #.#......#.#
#.................. #.#.#.####.#
##.......#..........
.........#.###...#..####.######.#
..#.###..#.......#.......# #.#
..#......#.###.#.#.####### #.#


You could see a kobold.

Vanquished Creatures
  2 leopard geckos (D:1)
  A bat (D:1)
  A goblin (D:1)
  3 hobgoblins (D:1)
  A kobold (D:1)
  A rat (D:1)
9 creatures vanquished.

Notes
Turn   | Place    | Note
-------+----------+-------------------------------------------
     0 | D:1      | lunkers the Kobold Berserker began the quest for the Orb.
     0 | D:1      | Reached XP level 1. HP: 14/14 MP: 1/1
   281 | D:1      | Reached XP level 2. HP: 12/19 MP: 2/2
   640 | D:1      | Reached skill level 1 in Stealth
  1031 | D:1      | Slain by a kobold

Illustrated notes

Levels and vault maps discovered:
D:1:      lightli_arrival_statuegarden, layout_basic

Skill      XL: |  1  2 |
---------------+-------+-----
Stealth        | 1 |  1.1
Fighting       | |  3.4
Short Blades   | |  4.4
Armour         | |  1.5
Dodging        | |  2.7

Action                   || total
-------------------------++-------
Melee: Short sword       ||    30
Invok: Berserk           ||     1
 Stab: Sleeping          ||     2
Dodge: Dodged            ||    16

Table legend: (Time is in decaauts)
 A = Elapsed time spent in this place.
 B = Non-inter-level travel time spent in this place.
 C = Inter-level travel time spent in this place.
 D = Time resting spent in this place.
 E = Time spent auto-exploring this place.
 F = Levels seen in this place.
 G = Mean time per level.
                   A        B        C        D        E       F      G
               +--------+--------+--------+--------+--------+-----+--------+
         Total |   1026 |   1026 |      0 |      0 |    961 |   1 | 1026.0 |
       Dungeon |   1026 |   1026 |      0 |      0 |    961 |   1 | 1026.0 |
               +--------+--------+--------+--------+--------+-----+--------+

Top non-repeatable levels by time:
     D:1: 1026 daAuts
